 Dungeon Crawl Stone Soup version 0.29.1-13-g9f3cf754e1 (webtiles) character file.

Game seed: 7522551297426507334

125 Thatpatchoflichen the Shooter (level 4, -1/35 HPs)
             Began as a Demonspawn Hunter on Feb 2, 2023.
             Slain by a black bear (4 damage)
             ... on level 4 of the Dungeon.
             The game lasted 00:13:30 (2414 turns).

Thatpatchoflichen the Shooter (Demonspawn Hunter)   Turns: 2414, Time: 00:13:31

Health: -1/35      AC: 12    Str: 12    XL:     4   Next: 82%
Magic:  4/4        EV: 12    Int: 13    God:
Gold:   291        SH:  0    Dex: 24    Spells: 3/3 levels left

rFire   . . .      SeeInvis .   a - +0 shortbow
rCold   . . .      Faith    .   (shield currently unavailable)
rNeg    . . .      Spirit   .   o - +5 ring mail of the Trombone {rElec Will+ Int+3 Slay+3}
rPois   .          Reflect  .   d - +0 helmet
rElec   +          Harm     .   q - +0 cloak
rCorr   .          Rampage  .   (no gloves)
Will    +....                   (no boots)
Stlth   ++........              (no amulet)
HPRegen 0.11/turn               e - +6 ring of dexterity
MPRegen 0.09/turn               (no ring)

@: no status effects
A: powered by pain 3
a: no special abilities


You were on level 4 of the Dungeon.
You visited 1 branch of the dungeon, and saw 4 of its levels.

You collected 291 gold pieces.

Inventory:

Hand Weapons
 a - a +0 shortbow (weapon)
Armour
 d - a +0 helmet (worn)
 o - the +5 ring mail of the Trombone (worn) {rElec Will+ Int+3 Slay+3}
   (You found it on level 2 of the Dungeon)

   Int:       It affects your intelligence (+3).
   Slay:      It affects your accuracy & damage with ranged weapons and melee
   (+3).
   rElec:     It insulates you from electricity.
   Will:      It increases your willpower.
 q - a +0 cloak (worn)
Jewellery
 e - a +6 ring of dexterity (left hand)
Scrolls
 b - 2 scrolls of immolation
 f - a scroll of blinking {unknown}
 h - 3 scrolls of poison {unknown}
 j - 2 scrolls of torment {unknown}
 k - 2 scrolls of teleportation {unknown}
 l - a scroll of fog {unknown}
 n - 3 scrolls of identify {unknown}
Potions
 c - 2 potions of mutation {unknown}
 g - 2 potions of might {unknown}
 i - a potion of brilliance {unknown}
 m - a potion of curing {unknown}
 p - 2 potions of invisibility {unknown}
 r - a potion of heal wounds {unknown}
 s - a potion of cancellation {unknown}
 t - a potion of attraction {unknown}


   Skills:
 + Level 3.5 Fighting
 - Level 4.0 Ranged Weapons
 + Level 3.3 Dodging
 - Level 1.0 Stealth


You had 3 spell levels left.
You didn't know any spells.
Your spell library contained the following spells:

 Spells                   Type           Power      Damage    Failure   Level
 Scorch                   Fire           0%         2d5       71%         2
 Flame Wave               Conj/Fire      0%         2d4       100%        4
 Summon Cactus Giant      Summ           0%         N/A       100%        6


Dungeon Overview and Level Annotations

Branches:
Dungeon (4/15)
 Temple: D:4-7

Altars:
Gozag
Qazlal
Wu Jian

Shops:
D:2 (

Annotations:
D:2 Sigmund


Innate Abilities, Weirdness & Mutations

You are powered by pain.


Message History

Aim: a black bear (almost dead, berserk, 75% to hit)
You shoot an arrow. The arrow barely misses the black bear.
The black bear misses you.
The black bear claws you but does no damage. x2
The black bear bites you but does no damage.
The black bear misses you. The black bear barely misses you.
The hobgoblin barely misses you. The black bear bites you.
* * * LOW HITPOINT WARNING * * *
The black bear claws you.
* * * LOW HITPOINT WARNING * * *
The black bear claws you but does no damage.
There is a fountain of clear blue water here.
Fire: a) +0 shortbow
Press: ? - help, Q - select action Shift-Dir - straight line, f/p - black bear
Aim: a black bear (almost dead, berserk, 75% to hit)
You shoot an arrow.
The arrow hits the black bear but does no damage.
The black bear is almost dead.
The black bear bites you.
* * * LOW HITPOINT WARNING * * *
The black bear claws you but does no damage.
The black bear barely misses you.
The hobgoblin hits you but does no damage.
The black bear closely misses you. The black bear barely misses you. x2
The hobgoblin hits you.
* * * LOW HITPOINT WARNING * * *
Fire: a) +0 shortbow
Press: ? - help, Q - select action Shift-Dir - straight line, f/p - black bear
Aim: a black bear (almost dead, berserk, 75% to hit)
You shoot an arrow.
The arrow closely misses the black bear.
The black bear barely misses you.
The black bear claws you but does no damage.
The black bear claws you.
* * * LOW HITPOINT WARNING * * *
The black bear bites you.
* * * LOW HITPOINT WARNING * * *
The black bear claws you but does no damage.
The black bear claws you.
You die...

##....### #..#.#
........# #.##.#
##..#.#.# #.##.#
.><...#.###.##.####
###.###.....##....###
†........##.#.......#
###.##..###..._.....##
##......# ##.........#
....##..# #....@.._.#
....##..# #....gh...#
.#####..#
##._..)...... .##
#..............####
#.. ...............#
#.# ####.........
#.####.# ...###.####
.<.....# ##.# .#
......... .. ..


You could see a black bear (berserk) and a hobgoblin.

Vanquished Creatures
  An orc priest (D:3)
  3 adders
  A worm (D:2)
  2 dart slugs
  2 orcs (D:3)
  An endoplasm (D:4)
  2 giant cockroaches
  12 goblins
  5 hobgoblins
  2 jackals (D:1)
  A quokka (D:4)
  2 ball pythons
  6 bats
  13 frilled lizards
  2 kobolds (D:1)
  6 rats
61 creatures vanquished.

Vanquished Creatures (others)
  9 plants (D:3)
9 creatures vanquished.

Grand Total: 70 creatures vanquished

Notes
Turn   | Place    | Note
-------+----------+-------------------------------------------
     0 | D:1      | Thatpatchoflichen the Demonspawn Hunter began the quest for
                  | the Orb.
     0 | D:1      | Reached XP level 1. HP: 16/16 MP: 1/1
    71 | D:1      | Reached skill level 1 in Stealth
   177 | D:1      | Gained mutation: You sometimes gain a little power by
                  | taking damage. [demonic ancestry]
   177 | D:1      | Reached XP level 2. HP: 22/22 MP: 2/2
   866 | D:2      | Reached skill level 4 in Ranged Weapons
   866 | D:2      | Gained mutation: You sometimes gain power by taking damage.
                  | [demonic ancestry]
   866 | D:2      | Reached XP level 3. HP: 28/28 MP: 3/3
   882 | D:2      | Identified the +5 ring mail of the Trombone {rElec Will+
                  | Int+3 Slay+3}
   922 | D:2      | Noticed Sigmund
  1076 | D:2      | Found Loag's Antique Weapon Boutique.
  1573 | D:3      | Found a faded altar of an unknown god.
  1609 | D:3      | Gained mutation: You are powered by pain. [demonic
                  | ancestry]
  1609 | D:3      | Reached XP level 4. HP: 35/35 MP: 4/4
  2390 | D:4      | Found an ornate altar of the Wu Jian Council.
  2392 | D:4      | Found a stormy altar of Qazlal.
  2394 | D:4      | Found an opulent altar of Gozag.
  2401 | D:4      | Noticed a black bear
  2414 | D:4      | Slain by a black bear

Illustrated notes

Levels and vault maps discovered:
D:1:      lightli_arrival_noodles, layout_rooms, minmay_liquid_box,
          kennysheep_small_spiral, amcnicky_mini_rare_corridor_liquid
D:2:      layout_loops_corners, serial_shops, nicolae_shop_stone, uniq_sigmund
D:3:      cheibrodos_greedy_goblins, layout_basic, basic_ecumenical_altar,
          minmay_lizard_king
D:4:      layout_basic, grunt_temple_overflow_open, gammafunk_ghost_mausoleum,
          minmay_between

Skill      XL: |  1  2  3 |
---------------+----------+-----
Stealth        | 1 |  1.0
Dodging        | 2 3 |  3.3
Ranged Weapons | 4 |  4.0
Fighting       | 3 |  3.5

Action                   |  1- 3 |  4- 6 || total
-------------------------+-------+-------++-------
 Fire: Shortbow          |    67 |    51 ||   118
Armor: Leather armour    |     4 |       ||     4
       Ring mail         |     2 |    29 ||    31
Dodge: Dodged            |    14 |    38 ||    52
